 Dungeon Crawl Stone Soup version 0.21-a0-506-ga0ee87aef2 (webtiles) character file.

72 Kaname the Magician (level 4, 14/30 HPs)
             Began as a Demonspawn Wizard on Nov 27, 2017.
             Quit the game on level 2 of the Dungeon.
             The game lasted 00:03:29 (1419 turns).

Kaname the Magician (Demonspawn Wizard)             Turns: 1419, Time: 00:03:29

Health: 14/30      AC:  2    Str:  7    XL:     4   Next: 7%
Magic:  3/8        EV: 17    Int: 20    God:
Gold:   72         SH:  0    Dex: 17    Spells: 3/9 levels left

rFire    . . .     SeeInvis .   p - +0 long sword (elec)
rCold    . . .     Gourm    .   (no shield)
rNeg     . . .     Faith    .   a - +0 robe
rPois    .         Spirit   .   b - +0 hat
rElec    .         Reflect  .   (no cloak)
rCorr    +         Harm     .   (no gloves)
MR       .....                  (no boots)
Stlth    +++.......             (no amulet)
HPRegen  0.10/turn              o - ring of resist corrosion
MPRegen  0.11/turn              (no ring)

@: agile, very slightly contaminated
A: hooves 1, demonic guardian 1
a: no special abilities


You were on level 2 of the Dungeon.
You were not hungry.

You visited 1 branch of the dungeon, and saw 2 of its levels.

You collected 72 gold pieces.

Inventory:

Hand Weapons
 p - a +0 long sword of electrocution (weapon)
Armour
 a - a +0 robe (worn)
 b - a +0 hat (worn)
Jewellery
 o - a ring of resist corrosion (left hand)
 s - a +3 ring of intelligence {unknown}
Wands
 n - a wand of acid (8)
Scrolls
 g - 5 scrolls of identify {unknown}
 i - 2 scrolls of teleportation {unknown}
 k - a scroll of enchant armour {unknown}
 l - a scroll of magic mapping {unknown}
 m - a scroll of remove curse {unknown}
Potions
 h - a potion of agility
 j - a potion of resistance {unknown}
 q - a potion of degeneration {unknown}
Books
 c - a book of Minor Magic

   Spells                             Type                      Level
   a - Magic Dart                     Conjuration                  1
   b - Blink                          Translocation                2
   c - Call Imp                       Summoning                    2
   d - Slow                           Hexes                        2
   e - Conjure Flame                  Conjuration/Fire             3
   f - Mephitic Cloud                 Conjuration/Poison/Air       3
Comestibles
 d - 6 bread rations
 f - a royal jelly
 r - 2 chunks of flesh


   Skills:
 - Level 1.7 Dodging
 - Level 1.7 Stealth
 - Level 3.0 Spellcasting
 - Level 3.0 Conjurations
   Level 1.0 Summonings
 - Level 1.1 Translocations
 - Level 1.2 Air Magic
 + Level 1.2 Poison Magic


You had 3 spell levels left.
You knew the following spells:

 Your Spells              Type           Power        Failure   Level  Hunger
a - Magic Dart            Conj           ###.         4%          1    None
b - Blink                 Tloc           N/A          14%         2    ##.....
c - Mephitic Cloud        Conj/Pois/Air  ##......     21%         3    ###....


Dungeon Overview and Level Annotations

Branches:
Dungeon (2/15)

Altars:


Innate Abilities, Weirdness & Mutations

You have large cloven feet.
A weak demonic guardian rushes to your aid.


Message History

* * * LOW HITPOINT WARNING * * *
You feel sick. The adder bites you.
* * * LOW HITPOINT WARNING * * *
You are more poisoned.
The adder poisons you!
It was a potion of curing.
You feel better. The adder barely misses you.
Casting: Magic Dart
Confirm with . or Enter, or press ? or * to list all spells.
Aiming: Magic Dart
Press: ? - help, Shift-Dir - straight line, f/p - adder
Aim: an adder (heavily wounded)
The magic dart hits the adder.
You kill the adder!
Your Poison Magic skill increases to level 1!
You have reached level 4!
You feel agile.
You feel monstrous as your demonic heritage exerts itself.
Your demonic ancestry asserts itself...
Your feet thicken and deform.
Are you sure you want to abandon this character and quit the game? (Confirm with "yes".)

#.#.#....÷.....^..
###.#.####.#.#######
#.....# #.#.#
#.....# #.#.#
#.....# #.#.# .....
#.#.# ....####.#.#
#'#.#....#.#
#@#.#.####.#
#.#.#.#..#.#
#.#.#.#..#.#
#######.#.#.#..#.#
........#.#.#..#.#
...............#.#
.########.#....#.#
#.#...†#.#
#.#....#.#


There were no monsters in sight!

Vanquished Creatures
  3 adders (D:2)
  A worm (D:2)
  2 dart slugs
  A leopard gecko (D:2)
  A ball python (D:2)
  4 bats
  A goblin (D:2)
  2 hobgoblins (D:1)
  8 jackals (D:2)
  5 frilled lizards
  5 kobolds
  5 rats
38 creatures vanquished.

Notes
Turn   | Place    | Note
-------+----------+-------------------------------------------
     0 | D:1      | Kaname the Demonspawn Wizard began the quest for the Orb.
     0 | D:1      | Reached XP level 1. HP: 13/13 MP: 4/4
   356 | D:1      | Gained mutation: A weak demonic guardian rushes to your aid. [demonic ancestry]
   356 | D:1      | Reached XP level 2. HP: 19/19 MP: 1/6
   360 | D:1      | Learned a level 2 spell: Blink
   857 | D:2      | Reached XP level 3. HP: 24/24 MP: 2/7
   866 | D:2      | Learned a level 3 spell: Mephitic Cloud
   974 | D:2      | Reached skill level 1 in Translocations
  1171 | D:2      | Reached skill level 1 in Air Magic
  1416 | D:2      | HP: 1/24 [adder (3)]
  1418 | D:2      | Reached skill level 1 in Poison Magic
  1418 | D:2      | Gained mutation: You have large cloven feet. [demonic ancestry]
  1418 | D:2      | Reached XP level 4. HP: 14/30 MP: 3/8
  1419 | D:2      | Quit the game

Vault maps used:
D:1:      minmay_arrival_four_houses, minmay_misc_feat_plants
D:2:      minmay_tromino_i2

Skill      XL: |  1  2  3 |
---------------+----------+-----
Conjurations   | 2 3 |  3.0
Translocations | 1 |  1.1
Air Magic      | 1 |  1.2
Poison Magic   | 1 |  1.2
Dodging        | |  1.7
Stealth        | |  1.7
Spellcasting   | |  3.0
Summonings     | |  1.0

Action                   |  1- 3 |  4- 6 || total
-------------------------+-------+-------++-------
Melee: Unarmed           |    20 |       ||    20
       Long sword        |    10 |       ||    10
 Cast: Magic Dart        |    73 |     1 ||    74
  Use: Potion            |     2 |       ||     2
  Eat: Chunk             |     1 |       ||     1
Armor: Robe              |     5 |       ||     5
Dodge: Dodged            |    24 |       ||    24
       Rpst.: Long sword |     3 |       ||     3

Table legend:
 A = Spawn XP
 B = Non-spawn XP
 C = Spawn XP percentage of total XP
 D = Spawn monster count
 E = Non-spawn monster count
 F = Spawn count percentage of total count
 G = Total turns spent on level
                    A         B        C        D         E        F      G
               +---------+---------+-------+---------+---------+-------+---------
         Total |       0 |     104 |   0.0 |       0 |      38 |   0.0 |  1419
               +---------+---------+-------+---------+---------+-------+---------
           D:1 |       0 |      20 |   0.0 |       0 |      13 |   0.0 |   663
           D:2 |       0 |      84 |   0.0 |       0 |      25 |   0.0 |   756
               +---------+---------+-------+---------+---------+-------+---------
